 Dungeon Crawl Stone Soup version 0.32-a0-768-g0f6f1dd4b9 (webtiles) character file.

Game seed: 4538485882997639981

4869 Dirtsage the Magician (level 10, -4/74 HPs)
             Began as a Demonspawn Hedge Wizard on Mar 18, 2024.
             Was a Priest of Vehumet.
             Slain by an orange demon (10 damage)
             ... led by Amaemon
             ... on level 8 of the Dungeon.
             The game lasted 00:29:48 (9070 turns).

Dirtsage the Magician (Demonspawn Hedge Wizard)     Turns: 9070, Time: 00:29:49

Health: -4/74      AC: 13    Str: 13    XL:     10   Next: 26%
Magic:  25/29      EV:  9    Int: 23    God:    Vehumet [***...]
Gold:   357        SH:  0    Dex: 12    Spells: 13/22 levels left

rFire   . . .        u - +0 dagger (speed)
rCold   . . .        (no shield)
rNeg    . . .        M - +4 ring mail
rPois   .            c - +1 hat
rElec   .            (no cloak)
rCorr   .            k - +2 pair of gloves
SInv    +            (no boots)
Will    .....        (no amulet)
Stlth   ++           H - ring of magical power
HPRegen 0.32/turn    S - ring of see invisible
MPRegen 0.21/turn

%: wizardry (x1)
@: mighty, invisible
A: big brain 3, demonic touch 1
a: Renounce Religion


You were on level 8 of the Dungeon.
You worshipped Vehumet.
Vehumet was most pleased with you.
You visited 2 branches of the dungeon, and saw 9 of its levels.
You also visited: Ossuary.

You collected 357 gold pieces.

Inventory:

Hand Weapons
 a - a +1 dagger
 u - a +0 dagger of speed (weapon)
 F - a +5 scimitar
Armour
 b - a +0 robe
 c - a +1 hat (worn)
 k - a +2 pair of gloves (worn)
 K - a +0 leather armour
 M - a +4 ring mail (worn)
Magical Staves
 i - a staff of earth
 p - a staff of air
 J - a staff of conjuration
Jewellery
 C - a ring of resist corrosion
 H - a ring of magical power (left hand)
 S - a ring of see invisible (right hand)
 W - a ring of wizardry
Wands
 m - a wand of mindburst (18)
 v - a wand of roots (8)
 z - a wand of flame (39)
 N - a wand of charming (11)
Scrolls
 g - 6 scrolls of enchant armour
 j - 3 scrolls of blinking {unknown}
 l - 3 scrolls of poison
 t - 2 scrolls of teleportation
 x - a scroll of enchant weapon
 y - 2 scrolls of immolation
 B - 2 scrolls of amnesia
 D - a scroll of noise {unknown}
 G - 2 scrolls of fog {unknown}
Potions
 d - a potion of might
 e - 4 potions of lignification {unknown}
 f - 3 potions of enlightenment {unknown}
 h - 5 potions of haste
 n - 3 potions of resistance
 o - a potion of brilliance
 r - a potion of degeneration {unknown}
 s - a potion of invisibility
 w - a potion of mutation {unknown}
 A - a potion of heal wounds {unknown}
 E - a potion of attraction
 I - a potion of berserk rage
 L - 4 potions of magic


   Skills:
 + Level 5.1 Fighting
 - Level 1.7 Dodging
 - Level 4.0 Stealth
 + Level 6.6 Spellcasting
 - Level 6.3 Conjurations
 + Level 5.0 Summonings
 - Level 0.8 Translocations
 + Level 5.6 Air Magic
 + Level 6.1 Alchemy


You had 13 spell levels left.
You knew the following spells:

 Your Spells              Type           Power      Damage    Failure   Level
a - Magic Dart            Conj           100%       1d8       1%          1
b - Call Imp              Summ           62%        N/A       1%          2
c - Cigotuvi's Dreadful   Necr/Alch/Air  50%        N/A       2%          2
d - Shock                 Conj/Air       100%       1d9       1%          1
x - Mephitic Cloud        Conj/Alch/Air  35%        N/A       1%          3

Your spell library contained the following spells:

 Spells                   Type           Power      Damage    Failure   Level
 Hailstorm                Conj/Ice       22%        3d7       1%          3
 Slow                     Hex            28%        N/A       7%          1
 Blink                    Tloc           22%        N/A       8%          2
 Ensorcelled Hibernation  Hex/Ice        14%        N/A       11%         2
 Fugue of the Fallen      Necr           7%         N/A       21%         3
 Anguish                  Hex/Necr       3%         N/A       52%         4


Dungeon Overview and Level Annotations

Branches:
Dungeon (8/15)             Temple (1/1) D:4         Ossuary (visited)
   Lair: D:8-11

Altars:
Ashenzari
Cheibriados
Dithmenos
Fedhas
Gozag
Hepliaklqana
Kikubaaqudgha
Makhleb
Nemelex Xobeh
Okawaru
Qazlal
Ru
Sif Muna
Trog
Vehumet
Wu Jian
Xom
Yredelemnul

Annotations:
Temple 2 transporters


Innate Abilities, Weirdness & Mutations

You have an absolutely massive brain. (Int +6, Wiz)
Your touch may inflict minor irresistible damage on your foes.


Message History

* * * LOW HITPOINT WARNING * * *
The scorpion stings you but does no damage.
Amaemon hits you with a -1 demon whip of venom.
* * * LOW HITPOINT WARNING * * *
You are poisoned.
Amaemon claws you but does no damage.
Amaemon tail-slaps you but does no damage.
The grasping roots constrict you.
* * * LOW HITPOINT WARNING * * *
You take 11 damage, and have 12/73 hp.
You puncture Amaemon!
You kill Amaemon!
Vehumet accepts your kill.
The scorpion disappears in a puff of smoke! x3
You feel sick. The orange demon stings you from afar.
* * * LOW HITPOINT WARNING * * *
Your Fighting skill increases to level 5!
Your Summonings skill increases to level 5!
You take 5 damage, and have 7/74 hp.
You feel better. The orange demon barely misses you.
You regained 5 hp, and now have 12/74 hp.
Casting: Call Imp (safe; 1% risk of failure)
Confirm with . or Enter, or press ? or * to list all spells.
A tiny devil pulls itself out of the air.
The orange demon barely misses you.
You now have 24/29 mp.
Your cerulean imp barely misses the orange demon.
The orange demon attacks as it pursues you!
The orange demon stings you from afar!
* * * LOW HITPOINT WARNING * * *
Your cerulean imp hits the orange demon but does no damage.
You take 8 damage, and have 5/74 hp.
Your cerulean imp hits the orange demon with a -1 spear.
Okay, then.
Press: ? - help, v - describe, . - travel
Here: an orange demon (lightly wounded, concentrated venom, ally target)
The floor.
You fade into invisibility!
The orange demon stings you from afar!
You die...

...# ....... ...# ### .....
..#########.# ...
..##........#########.######
....................).......
...........#................
####.......#......45.#......
#.......#.........#......
#.......#....@....# .....
#.......#.<.......# .....
#.......#.....)...# ....
#.......'.........# .... #...
#########)...)....# +...
...........)........# #...
.....................# #...
.....................##+######...
..........)).........#...........


You could see an orange demon (curare, unable to see you, ally target) and a
friendly cerulean imp (summoned).

Vanquished Creatures
  A two-headed ogre (D:8)
  Amaemon (D:8)
  Sigmund (D:2)
  A wyvern (D:5)
  Eustachio (D:6)
  Edmund (D:6)
  A water moccasin (D:7)
  An orc warrior (D:7)
  A sky beast (D:7)
  2 black bears
  3 ogres
  A centaur (D:5)
  4 wolves (D:8)
  2 bullfrogs (D:7)
  A scorpion (D:7)
  2 wights (Ossuary)
  2 jellies
  4 howler monkeys
  A bombardier beetle (D:5)
  3 electric eels (D:7)
  4 hounds
  5 orc priests
  2 centaur skeletons (Ossuary)
  A spectral scorpion (Ossuary)
  Ijyb (D:4)
  4 iguanas
  8 orc wizards
  Natasha (D:4)
  A crocodile zombie (Ossuary)
  10 mummies (Ossuary)
  Robin (D:4)
  9 adders
  2 white imps
  A dart slug (D:2)
  A ribbon worm (D:2)
  23 orcs
  3 endoplasms
  5 giant cockroaches
  15 goblins
  4 hobgoblins
  3 kobolds
  4 quokkas
  3 ball pythons
  7 bats
  A gnoll skeleton (Ossuary)
  A kobold skeleton (Ossuary)
  3 orc skeletons (Ossuary)
  2 rats (D:1)
  10 spectral rats (Ossuary)
169 creatures vanquished.

Vanquished Creatures (collateral kills)
  Grum (D:8)
  An ogre (D:4)
  A bombardier beetle (D:4)
  A hound (D:6)
  Natasha (twice) (D:4)
  A dart slug (D:3)
  3 orcs
  An endoplasm (D:4)
  2 goblins (D:4)
  2 jackals (D:2)
  A gnoll skeleton (Ossuary)
  A kobold (D:1)
17 creatures vanquished.

Grand Total: 186 creatures vanquished

Notes
Turn   | Place    | Note
-------+----------+-------------------------------------------
     0 | D:1      | Dirtsage the Demonspawn Hedge Wizard began the quest for
                  | the Orb.
     0 | D:1      | Reached XP level 1. HP: 13/13 MP: 4/4
   285 | D:1      | Gained mutation: You have an unusually large brain. (Int
                  | +2) [demonic ancestry]
   285 | D:1      | Reached XP level 2. HP: 12/19 MP: 1/6
   534 | D:1      | Learned a level 2 spell: Call Imp
  1126 | D:2      | Noticed Sigmund
  1138 | D:2      | Gained mutation: You have an extremely huge brain. (Int +4)
                  | [demonic ancestry]
  1138 | D:2      | Reached XP level 3. HP: 19/24 MP: 1/7
  1787 | D:2      | Learned a level 3 spell: Mephitic Cloud
  1802 | D:2      | Killed Sigmund
  1803 | D:2      | Reached skill level 1 in Air Magic
  1803 | D:2      | Reached skill level 1 in Alchemy
  1803 | D:2      | Gained mutation: You have an absolutely massive brain. (Int
                  | +6, Wiz) [demonic ancestry]
  1803 | D:2      | Reached XP level 4. HP: 23/30 MP: 1/9
  1803 | D:2      | Gained mutation: Your touch may inflict minor irresistible
                  | damage on your foes. [demonic ancestry]
  1803 | D:2      | Reached XP level 5. HP: 27/35 MP: 1/10
  1997 | D:3      | Learned a level 2 spell: Cigotuvi's Dreadful Rot
  2303 | D:3      | Found an ancient bone altar of Kikubaaqudgha.
  2308 | D:3      | Found a hazy altar of Hepliaklqana.
  2698 | D:4      | Found a staircase to the Ecumenical Temple.
  2713 | D:4      | Noticed an ogre
  2723 | D:4      | Killed an ogre
  2724 | D:4      | Reached XP level 6. HP: 36/41 MP: 6/11
  2742 | Temple   | Found a transporter.
  2742 | Temple   | Found a transporter.
  2742 | Temple   | Found a transporter.
  2742 | Temple   | Found a transporter.
  2742 | Temple   | Entered the Ecumenical Temple
  2760 | Temple   | Became a worshipper of Vehumet
  2821 | D:4      | Noticed Ijyb
  2846 | D:4      | Killed Ijyb
  3131 | D:4      | Noticed Natasha
  3139 | D:4      | Killed Natasha
  3243 | D:4      | Noticed Robin
  3503 | D:4      | Reached * piety under Vehumet
  3503 | D:4      | Offered knowledge of Sting by Vehumet.
  3516 | D:4      | Killed Robin
  3643 | D:4      | Reached XP level 7. HP: 36/46 MP: 5/13
  3723 | D:4      | Noticed Natasha
  3739 | D:4      | Killed Natasha
  3823 | D:4      | Noticed Natasha
  3828 | D:4      | Killed Natasha
  4029 | D:5      | Entered Level 5 of the Dungeon
  4161 | D:5      | Found a sand-covered staircase.
  4167 | Ossuary  | Entered an ossuary
  4467 | Ossuary  | Reached skill level 5 in Conjurations
  4470 | Ossuary  | Offered knowledge of Shock by Vehumet.
  4472 | Ossuary  | Reached ** piety under Vehumet
  4480 | Ossuary  | Learned a level 1 spell: Shock
  4968 | D:5      | Reached XP level 8. HP: 51/52 MP: 14/14
  5231 | D:5      | Reached skill level 1 in Fighting
  5677 | D:5      | Reached skill level 5 in Spellcasting
  6473 | D:6      | Offered knowledge of Dazzling Flash by Vehumet.
  6752 | D:6      | Noticed Eustachio
  6765 | D:6      | Killed Eustachio
  6766 | D:6      | Reached XP level 9. HP: 62/62 MP: 17/17
  6891 | D:6      | Noticed Edmund
  6933 | D:6      | Killed Edmund
  7642 | D:7      | Reached skill level 5 in Alchemy
  7721 | D:7      | Reached *** piety under Vehumet
  8494 | D:8      | Noticed a two-headed ogre
  8562 | D:8      | Killed a two-headed ogre
  8563 | D:8      | Reached skill level 5 in Air Magic
  8574 | D:8      | Noticed Grum
  8826 | D:8      | Reached XP level 10. HP: 73/73 MP: 19/19
  8912 | D:8      | Killed Grum
  8927 | D:8      | Offered knowledge of Hailstorm by Vehumet.
  9045 | D:8      | Noticed Amaemon
  9045 | D:8      | Noticed an orange demon
  9064 | D:8      | Killed Amaemon
  9065 | D:8      | Reached skill level 5 in Fighting
  9065 | D:8      | Reached skill level 5 in Summonings
  9070 | D:8      | Slain by an orange demon

Illustrated notes

Levels and vault maps discovered:
D:1:      hellmonk_arrival_library, layout_rooms, minmay_door_square,
          minmay_tree_intersection, minmay_crystal_room
D:2:      layout_rooms, uniq_sigmund
D:3:      layout_loops_cross, mainiacjoe_overflow_alcove_2,
          nicolae_hepliaklqana_hazy_memory
D:4:      layout_loops_corners, minmay_temple_entry_junction_2,
          minmay_misc_feat_rows, hangedman_decor_lopped, uniq_ijyb, uniq_robin,
          uniq_natasha
D:5:      layout_basic, enter_ossuary_5
D:6:      layout_gridville, uniq_edmund, uniq_eustachio
D:7:      layout_loops_ring, kennysheep_boxes
D:8:      layout_gridville, uniq_maurice, uniq_grum, uniq_amaemon, uniq_joseph
Temple:   hellmonk_temple_divided_pantheon

Skill      XL: |  1  2  3  4  5  6  7  8  9 10 |
---------------+-------------------------------+-----
Stealth        | 2 3 4 |  4.0
Summonings     | 2 4 5 |  5.0
Conjurations   | 3 4 5 6 |  6.3
Air Magic      | 1 2 4 5 |  5.6
Alchemy        | 1 2 3 4 5 6 |  6.1
Spellcasting   | 4 5 6 |  6.6
Fighting       | 2 4 5 |  5.1
Dodging        | |  1.7
Translocations | |  0.8

Action                     |  1- 3 |  4- 6 |  7- 9 | 10-12 || total
---------------------------+-------+-------+-------+-------++-------
  Melee: Dagger            |    69 |    81 |   340 |    28 ||   518
         Touch             |       |    19 |    89 |     9 ||   117
   Cast: Magic Dart        |    45 |    25 |   148 |     6 ||   224
         Call Imp          |    10 |     7 |    24 |     3 ||    44
         Mephitic Cloud    |     1 |     4 |    23 |     3 ||    31
         Cigotuvi's Dreadf |       |     2 |       |       ||     2
         Shock             |       |       |    14 |    10 ||    24
    Use: Scroll            |     4 |     2 |     5 |       ||    11
         Potion            |     3 |       |       |     5 ||     8
   Stab: Sleeping          |     1 |     5 |    12 |     1 ||    19
         Distracted        |     1 |     1 |     1 |       ||     3
         Confused          |       |     3 |    10 |       ||    13
 Armour: Robe              |    49 |    54 |   120 |       ||   223
         Ring mail         |       |       |    35 |    41 ||    76
         Leather armour    |       |       |    15 |       ||    15
  Dodge: Dodged            |    46 |    46 |   112 |    16 ||   220

Table legend: (Time is in decaauts)
 A = Elapsed time spent in this place.
 B = Non-inter-level travel time spent in this place.
 C = Inter-level travel time spent in this place.
 D = Time resting spent in this place.
 E = Time spent auto-exploring this place.
 F = Levels seen in this place.
 G = Mean time per level.
                   A        B        C        D        E       F      G
               +--------+--------+--------+--------+--------+-----+--------+
         Total |   8929 |   8579 |    350 |    364 |   6468 |  10 |  892.9 |
       Dungeon |   8192 |   7853 |    339 |    364 |   5986 |   8 | 1024.0 |
        Temple |     31 |     20 |     11 |      0 |      0 |   1 |   31.0 |
       Ossuary |    704 |    704 |      0 |      0 |    482 |   1 |  704.0 |
               +--------+--------+--------+--------+--------+-----+--------+

Top non-repeatable levels by time:
     D:7: 1434 daAuts
     D:4: 1358 daAuts
     D:5: 1212 daAuts
     D:6: 1188 daAuts
     D:1: 1045 daAuts
     D:2: 870 daAuts
 Ossuary: 704 daAuts
     D:3: 702 daAuts
     D:8: 381 daAuts
  Temple: 31 daAuts
